cohdb
Replays
Latest Replays
All Replays
Popular Replays
Top Player Replays
Match Explorer
How It Works
Community
CoH3 Stats
Reddit
Sign in to upload your games and track your stats! →
Sign in with Steam
Match 44316192
Unlisted
Match 44316192
Overview
Messages
Build Orders
End
Selects Panzerjäger Kommand Battlegroup
Panzergrenadier Squad
Panzergrenadier Squad
Panzergrenadier Squad
Construct Light Support Kompanie
Selects Mine Fields
Fire Support Elements
Veteran Squad Leaders
2.5-tonne Medical Truck
Forward Retreat Point
Flakvierling Half-track
Selects Defensive Positions
Vehicle Survival Package
Tungsten Core Ammunition
Selects Tank Busters
Pak 38 Anti-tank Gun Team
Construct Panzerarmee Kommand
Selects Crew Shock Tactics
Panzer III L Medium Tank
Emergency Repair Kits
Panzer III L Medium Tank
Panzergrenadier Squad
Rapid Advance
Panzerjäger Squad
Panzer III L Medium Tank
Panzerjäger Squad
Selects Elefant Tank Destroyer
Selects Butterfly Bomb Drop
Butterfly Bomb Drop
Walking Stuka Rocket Launcher
Walking Stuka Rocket Launcher
Butterfly Bomb Drop
Butterfly Bomb Drop
Armored Reserves
Tiger Heavy Tank
Advanced Optics
Butterfly Bomb Drop
Husar
8二二D--
borubar_wielki
XeG4
birds08
NKT724
kurt0113
Dude
0
0
Comments
sign in to comment!
No comments posted yet!